TOP OF THE 1ST |
Wichita Outriders batting - Pitching for Balboa Buccaneers : LHP Albert García
|
Pitching: LHP Albert García
|
|
Batting: RHB Jorge Vázquez
|
0-0: Swinging Strike 0-1: Ball 1-1: SINGLE (Groundball, 56)
|
Batting: LHB Jim Unknown
|
0-0: Ball 1-0: Called Strike Jorge Vázquez is caught stealing 2nd base 1-1: Fly out, F8 (Flyball, 8LS)
|
Batting: LHB Herman Gilliland
|
0-0: Ground out 4-3 (Groundball, 4)
|
Top of the 1st over - 0 run(s), 1 hit(s), 0 error(s), 0 left on base; Wichita 0 - Balboa 0 |
BOTTOM OF THE 1ST |
Balboa Buccaneers batting - Pitching for Wichita Outriders : RHP Jim Unknown
|
Pitching: RHP Jim Unknown
|
|
Batting: RHB Leonard James
|
0-0: Ball 1-0: Swinging Strike 1-1: Ball 2-1: Foul Ball, location: 2F 2-2: Ball 3-2: Strikes out swinging
|
Batting: RHB Matt Nelson
|
0-0: Bunt for hit - play at first, batter OUT! 1-4
|
Batting: RHB César Garza
|
0-0: Called Strike 0-1: Foul Ball, location: 2F 0-2: Ball 1-2: Foul Ball, location: 2F 1-2: Strikes out swinging
|
Bottom of the 1st over - 0 run(s), 0 hit(s), 0 error(s), 0 left on base; Wichita 0 - Balboa 0 |
TOP OF THE 2ND |
Wichita Outriders batting - Pitching for Balboa Buccaneers : LHP Albert García
|
Batting: RHB Jim Unknown
|
0-0: SINGLE (Line Drive, 6MD)
|
Batting: RHB Jim Unknown
|
0-0: Ball 1-0: Called Strike 1-1: Ball 2-1: Ball 3-1: Base on Balls Jim Unknown to second
|
Batting: RHB Ron Humboldt
|
0-0: Called Strike 0-1: Swinging Strike 0-2: Strikes out swinging
|
Batting: LHB Aubrey Reese
|
0-0: Ball 1-0: Foul Ball, location: 2F 1-1: Grounds into double play, 3-6-1 (Groundball, 3)
|
Top of the 2nd over - 0 run(s), 1 hit(s), 0 error(s), 1 left on base; Wichita 0 - Balboa 0 |
BOTTOM OF THE 2ND |
Balboa Buccaneers batting - Pitching for Wichita Outriders : RHP Jim Unknown
|
Batting: LHB Bellchyor Lebrim
|
0-0: Ball 1-0: Ball 2-0: Foul Ball, location: 2F 2-1: Swinging Strike 2-2: Strikes out swinging, 2-3 out at first.
|
Batting: RHB Derek Schroeder
|
0-0: Fly out, F8 (Flyball, 8LXD)
|
Batting: LHB Anthony Trigg
|
0-0: Ball 1-0: Ball 2-0: Called Strike 2-1: Foul Ball, location: 2F 2-2: Foul Ball, location: 2F 2-2: Strikes out swinging
|
Bottom of the 2nd over - 0 run(s), 0 hit(s), 0 error(s), 0 left on base; Wichita 0 - Balboa 0 |
TOP OF THE 3RD |
Wichita Outriders batting - Pitching for Balboa Buccaneers : LHP Albert García
|
Batting: RHB Jorge Rocha
|
0-0: Ball 1-0: Ground out 2-3 (Groundball, 2R)
|
Batting: RHB Jim Unknown
|
0-0: Foul Ball, location: 2F 0-1: Foul Ball, location: 2F 0-2: DOUBLE (Line Drive, 78XD)
|
Batting: RHB Jorge Vázquez
|
0-0: Ball 1-0: Fly out, F4 (Popup, 4M)
|
Batting: LHB Jim Unknown
|
0-0: Ball 1-0: 2-RUN HOME RUN (Flyball, 9D), Distance : 376 ft
|
Batting: LHB Herman Gilliland
|
0-0: Foul Ball, location: 2F 0-1: Ball 1-1: Foul Ball, location: 2F Single, Error in OF, E9, batter to second base
|
Batting: RHB Jim Unknown
|
0-0: Called Strike 0-1: Ball 1-1: Ball 2-1: Ground out 1-3 (Groundball, 34S)
|
Top of the 3rd over - 2 run(s), 3 hit(s), 1 error(s), 1 left on base; Wichita 2 - Balboa 0 |
BOTTOM OF THE 3RD |
Balboa Buccaneers batting - Pitching for Wichita Outriders : RHP Jim Unknown
|
Batting: SHB Theodore Buck
|
0-0: Ball 1-0: Foul Ball, location: 2F 1-1: Foul Ball, location: 2F 1-2: Foul Ball, location: 2F 1-2: Ground out U3 (Groundball, 3)
|
Batting: RHB Louie McNeil
|
0-0: Ball 1-0: SINGLE (Groundball, 34D)
|
Batting: SHB Chris Cordell
|
0-0: Ball 1-0: Fielders Choice at 2nd, 6-4 (Groundball, 6)
|
Batting: RHB Leonard James
|
Pickoff Throw to First - Error! E1 Chris Cordell to second 0-0: Ball Wild Pitch! Chris Cordell to third 1-0: Ground out 5-3 (Groundball, 56S)
|
Bottom of the 3rd over - 0 run(s), 1 hit(s), 1 error(s), 1 left on base; Wichita 2 - Balboa 0 |
TOP OF THE 4TH |
Wichita Outriders batting - Pitching for Balboa Buccaneers : LHP Albert García
|
Batting: RHB Jim Unknown
|
0-0: Foul Ball, location: 2F 0-1: SINGLE (Groundball, 34D)
|
Batting: RHB Ron Humboldt
|
Balk! Jim Unknown to second 0-0: Swinging Strike 0-1: Ball 1-1: SINGLE (Line Drive, 4MD) Jim Unknown to third
|
Batting: LHB Aubrey Reese
|
0-0: Called Strike 0-1: Foul Ball, location: 2F 0-2: Ball 1-2: Foul Ball, location: 2F 1-2: Fly out, F8 (Flyball, 8RM)
|
Batting: RHB Jorge Rocha
|
0-0: Grounds into double play, 5-4-3 (Groundball, 56)
|
Top of the 4th over - 0 run(s), 2 hit(s), 0 error(s), 1 left on base; Wichita 2 - Balboa 0 |
BOTTOM OF THE 4TH |
Balboa Buccaneers batting - Pitching for Wichita Outriders : RHP Jim Unknown
|
Batting: RHB Matt Nelson
|
0-0: Called Strike 0-1: Ball 1-1: Ground out 5-3 (Groundball, 5S)
|
Batting: RHB César Garza
|
0-0: Foul Ball, location: 2F 0-1: Ball 1-1: Called Strike 1-2: Strikes out swinging
|
Batting: LHB Bellchyor Lebrim
|
0-0: Called Strike 0-1: Ball 1-1: Called Strike 1-2: Ball 2-2: Foul Ball, location: 2F 2-2: Strikes out swinging
|
Bottom of the 4th over - 0 run(s), 0 hit(s), 0 error(s), 0 left on base; Wichita 2 - Balboa 0 |
TOP OF THE 5TH |
Wichita Outriders batting - Pitching for Balboa Buccaneers : LHP Albert García
|
Batting: RHB Jim Unknown
|
0-0: Called Strike 0-1: Swinging Strike 0-2: Ball 1-2: Ball 2-2: Ball 3-2: Foul Ball, location: 2F 3-2: Foul Ball, location: 2F 3-2: SOLO HOME RUN (Flyball, 7D), Distance : 394 ft
|
Batting: RHB Jorge Vázquez
|
0-0: Ball 1-0: Called Strike 1-1: Foul Ball, location: 2F 1-2: Ball 2-2: Fly out, F8 (Line Drive, 8LM)
|
Batting: LHB Jim Unknown
|
0-0: Ball 1-0: SINGLE (Line Drive, 3L)
|
Batting: LHB Herman Gilliland
|
0-0: Called Strike 0-1: Called Strike 0-2: Ball 1-2: Grounds into double play, 6-4-3 (Groundball, 6)
|
Top of the 5th over - 1 run(s), 2 hit(s), 0 error(s), 0 left on base; Wichita 3 - Balboa 0 |
BOTTOM OF THE 5TH |
Balboa Buccaneers batting - Pitching for Wichita Outriders : RHP Jim Unknown
|
Batting: RHB Derek Schroeder
|
0-0: Ground out 1-3 (Groundball, 15)
|
Batting: LHB Anthony Trigg
|
0-0: SINGLE (Flyball, 4MD)
|
Batting: SHB Theodore Buck
|
0-0: SINGLE (Groundball, 6MD) (infield hit) Anthony Trigg to second
|
Batting: RHB Louie McNeil
|
0-0: Ball 1-0: Ball 2-0: Foul Ball, location: 2F 2-1: Foul Ball, location: 2F 2-2: Grounds into double play, U4-3 (Groundball, 4)
|
Bottom of the 5th over - 0 run(s), 2 hit(s), 0 error(s), 1 left on base; Wichita 3 - Balboa 0 |
TOP OF THE 6TH |
Wichita Outriders batting - Pitching for Balboa Buccaneers : LHP Albert García
|
Batting: RHB Jim Unknown
|
0-0: SINGLE (Line Drive, 6D)
|
Batting: RHB Jim Unknown
|
0-0: Called Strike 0-1: Ball 1-1: Called Strike 1-2: Fly out, F9 (Line Drive, 89M)
|
Batting: RHB Ron Humboldt
|
0-0: Ball 1-0: Fly out, F9 (Flyball, 9LS)
|
Batting: LHB Aubrey Reese
|
0-0: Called Strike 0-1: Reached on error, E6 (Groundball, 6) Jim Unknown to second
|
Batting: RHB Jorge Rocha
|
0-0: Swinging Strike 0-1: Swinging Strike 0-2: Ball 1-2: Strikes out swinging
|
Top of the 6th over - 0 run(s), 1 hit(s), 1 error(s), 2 left on base; Wichita 3 - Balboa 0 |
BOTTOM OF THE 6TH |
Balboa Buccaneers batting - Pitching for Wichita Outriders : RHP Jim Unknown
|
Batting: SHB Chris Cordell
|
0-0: Ball 1-0: Foul Ball, location: 2F 1-1: Fly out, F5 (Popup, 25)
|
Batting: RHB Leonard James
|
0-0: Ball 1-0: SINGLE (Flyball, 78S)
|
Batting: RHB Matt Nelson
|
0-0: Called Strike 0-1: Ball 1-1: Ball 2-1: Ball 3-1: Base on Balls Leonard James to second
|
Batting: RHB César Garza
|
0-0: Called Strike 0-1: Swinging Strike 0-2: Ground out 4-3 (Groundball, 13) Leonard James to third Matt Nelson to second
|
Batting: LHB Bellchyor Lebrim
|
0-0: Ball 1-0: Foul Ball, location: 2F 1-1: Ball 2-1: Fly out, F8 (Flyball, 8LM)
|
Bottom of the 6th over - 0 run(s), 1 hit(s), 0 error(s), 2 left on base; Wichita 3 - Balboa 0 |
TOP OF THE 7TH |
Wichita Outriders batting - Pitching for Balboa Buccaneers : LHP Albert García
|
Batting: RHB Jim Unknown
|
0-0: Ball 1-0: Ground out 6-3 (Groundball, 6)
|
Batting: RHB Jorge Vázquez
|
0-0: Bunt for hit - play at first, batter OUT! 5-3
|
Batting: LHB Jim Unknown
|
0-0: SINGLE (Groundball, 4MD)
|
Batting: LHB Herman Gilliland
|
0-0: Called Strike 0-1: Foul Ball, location: 2F 0-2: Ball Jim Unknown is caught stealing 2nd base
|
Top of the 7th over - 0 run(s), 1 hit(s), 0 error(s), 0 left on base; Wichita 3 - Balboa 0 |
BOTTOM OF THE 7TH |
Balboa Buccaneers batting - Pitching for Wichita Outriders : RHP Jim Unknown
|
Batting: RHB Derek Schroeder
|
0-0: Called Strike 0-1: Ball 1-1: Swinging Strike 1-2: SOLO HOME RUN (Flyball, 7D), Distance : 384 ft
|
Batting: LHB Anthony Trigg
|
0-0: Called Strike 0-1: Foul Ball, location: 2F 0-2: Ball 1-2: Fly out, F7 (Flyball, 7S)
|
Batting: SHB Theodore Buck
|
0-0: Ball 1-0: Ball 2-0: Ground out 3-1 (Groundball, 34)
|
Batting: RHB Louie McNeil
|
0-0: Ball 1-0: Called Strike 1-1: SINGLE (Flyball, 8RS)
|
Batting: SHB Chris Cordell
|
0-0: Ball 1-0: Called Strike 1-1: Swinging Strike 1-2: Fly out, F6 (Popup, 6D)
|
Bottom of the 7th over - 1 run(s), 2 hit(s), 0 error(s), 1 left on base; Wichita 3 - Balboa 1 |
TOP OF THE 8TH |
Wichita Outriders batting - Pitching for Balboa Buccaneers : LHP Albert García
|
Batting: LHB Herman Gilliland
|
0-0: Ball 1-0: Ground out 3-1 (Groundball, 34)
|
Batting: RHB Jim Unknown
|
0-0: Ball 1-0: Foul Ball, location: 2F 1-1: Swinging Strike 1-2: Foul Ball, location: 2F 1-2: SINGLE (Line Drive, 56)
|
Batting: RHB Jim Unknown
|
0-0: Called Strike 0-1: Ball 1-1: Swinging Strike 1-2: Ball 2-2: Foul Ball, location: 2F 2-2: Foul Ball, location: 2F 2-2: SINGLE (Groundball, 4) Jim Unknown to second Jim Unknown to third
|
Pitching: RHP Gunner Hanna
|
|
Batting: RHB Ron Humboldt
|
0-0: Ball 1-0: Foul Ball, location: 2F 1-1: Ball 2-1: Fly out, F6 (Line Drive, 6)
|
Batting: LHB Aubrey Reese
|
0-0: Ball 1-0: Fly out, F8 (Line Drive, 8LS)
|
Top of the 8th over - 0 run(s), 2 hit(s), 0 error(s), 2 left on base; Wichita 3 - Balboa 1 |
BOTTOM OF THE 8TH |
Balboa Buccaneers batting - Pitching for Wichita Outriders : RHP Jim Unknown
|
Batting: RHB Leonard James
|
0-0: Ball 1-0: SINGLE (Line Drive, 89S)
|
Batting: RHB Matt Nelson
|
0-0: Ball 1-0: Fly out, F4 (Popup, 34)
|
Batting: RHB César Garza
|
0-0: Ball 1-0: Swinging Strike 1-1: Grounds into double play, 5-4-3 (Groundball, 5)
|
Bottom of the 8th over - 0 run(s), 1 hit(s), 0 error(s), 0 left on base; Wichita 3 - Balboa 1 |
TOP OF THE 9TH |
Wichita Outriders batting - Pitching for Balboa Buccaneers : RHP Gunner Hanna
|
Batting: RHB Jorge Rocha
|
0-0: Called Strike 0-1: Ball 1-1: Ball 2-1: Foul Ball, location: 2F 2-2: Ball 3-2: Base on Balls
|
Batting: RHB Jim Unknown
|
0-0: Ball 1-0: Ball 2-0: Ball 3-0: Base on Balls Jorge Rocha to second
|
Pitching: RHP Rubén Rodríguez
|
|
Batting: RHB Jorge Vázquez
|
0-0: Foul Ball, location: 2F 0-1: Swinging Strike 0-2: Grounds into double play, 6-4-3 (Groundball, 6) Jorge Rocha to third
|
Batting: LHB Jim Unknown
|
0-0: SINGLE (Groundball, 6MD) Jorge Rocha scores
|
Batting: LHB Herman Gilliland
|
0-0: Called Strike 0-1: Called Strike 0-2: Strikes out looking
|
Top of the 9th over - 1 run(s), 1 hit(s), 0 error(s), 1 left on base; Wichita 4 - Balboa 1 |
BOTTOM OF THE 9TH |
Balboa Buccaneers batting - Pitching for Wichita Outriders : RHP Jim Unknown
|
Pitching: LHP Jim Unknown
|
|
Batting: LHB Bellchyor Lebrim
|
0-0: Fly out, F6 (Popup, 56D)
|
Batting: RHB Derek Schroeder
|
0-0: Called Strike 0-1: Ball 1-1: Swinging Strike 1-2: Foul Ball, location: 2F 1-2: Ball 2-2: Strikes out swinging
|
Batting: LHB Anthony Trigg
|
0-0: Called Strike 0-1: Called Strike 0-2: SINGLE (Flyball, 7S)
|
Batting: SHB Theodore Buck
|
0-0: Ball 1-0: Called Strike 1-1: Foul Ball, location: 2F Error on foul ball, E7 1-2: Ground out 2-3 (Groundball, 2R)
|
Bottom of the 9th over - 0 run(s), 1 hit(s), 1 error(s), 1 left on base; Wichita 4 - Balboa 1 |
|